 Dungeon Crawl Stone Soup version 0.28-a0-529-g3bad584f25 (webtiles) character file.

Game seed: 5761901431717418290

282 Dittersdorf the Skirmisher (level 6, -2/40 HPs)
             Began as a Gargoyle Fighter on Sept 24, 2021.
             Slain by an orc (5 damage)
             ... on level 3 of the Dungeon.
             The game lasted 00:02:12 (2377 turns).

Dittersdorf the Skirmisher (Gargoyle Fighter)       Turns: 2377, Time: 00:02:13

Health: -2/40      AC: 12    Str: 22    XL:     6   Next: 28%
Magic:  6/6        EV:  9    Int:  8    God:
Gold:   142        SH:  4    Dex:  9    Spells: 5/5 levels left

rFire   . . .      SeeInvis .   j - +3 whip (elec)
rCold   . . .      Faith    .   c - +0 buckler
rNeg    + . .      Spirit   .   b - +0 scale mail
rPois   ∞          Reflect  .   (no helmet)
rElec   +          Harm     .   (no cloak)
rCorr   .          Rampage  .   (no gloves)
Will    .....                   e - +0 pair of boots
Stlth   ..........              (no amulet)
HPRegen 0.13/turn               (no ring)
MPRegen 0.10/turn               (no ring)

@: no status effects
A: sickness immunity, AC +4, negative energy resistance 1, electricity
resistance, torment resistance 1, petrification resistance
a: no special abilities


You were on level 3 of the Dungeon.
You visited 1 branch of the dungeon, and saw 4 of its levels.

You collected 142 gold pieces.

Inventory:

Hand Weapons
 a - a +0 flail
 j - a +3 whip of electrocution (weapon)
Missiles
 h - 5 curare-tipped darts (quivered)
Armour
 b - a +0 scale mail (worn)
 c - a +0 buckler (worn)
 e - a +0 pair of boots (worn)
Jewellery
 t - an amulet of the acrobat
Wands
 p - a wand of iceblast (9)
Scrolls
 f - a scroll of enchant armour {unknown}
 i - 2 scrolls of teleportation {unknown}
 k - 2 scrolls of identify {unknown}
 l - a scroll of fear {unknown}
 n - a scroll of amnesia {unknown}
 q - a scroll of magic mapping {unknown}
 u - a scroll of fog {unknown}
Potions
 d - 2 potions of might
 g - a potion of lignification {unknown}
 m - a potion of flight {unknown}
 o - a potion of haste {unknown}
 r - a potion of invisibility {unknown}
 s - a potion of curing {unknown}


   Skills:
 + Level 4.8 Fighting
 + Level 4.0 Maces & Flails
 + Level 4.8 Armour
 - Level 4.0 Shields


You had 5 spell levels left.
You didn't know any spells.
Your spell library contained the following spells:

 Spells                   Type           Power      Damage    Failure   Level
 Stone Arrow              Conj/Erth      0%         3d7       97%         3
 Animate Armour           Summ/Erth      0%         N/A       100%        4
 Lehudib's Crystal Spear  Conj/Erth      0%         10d2      100%        8


Dungeon Overview and Level Annotations

Branches:
Dungeon (4/15)
 Temple: D:4-7

Altars:
Kikubaaqudgha

Shops:
D:1 :


Innate Abilities, Weirdness & Mutations

You are immune to sickness and miasma.
Your stone body is resilient. (AC +4)
You are immune to poison.
You resist negative energy. (rN+)
You are resistant to electric shocks. (rElec)
You are resistant to unholy torment.
You are immune to petrification.


Message History

No target in view!
You climb downwards.
You block the orc's attack. You block the ogre's attack.
The orc hits you but does no damage. x2
There is a stone staircase leading up here.
The orc barely misses you. The orc hits you but does no damage. x2
The ogre hits you with a +0 giant club!
You climb upwards.
There is a stone staircase leading down here.
You whack the orc!
You kill the orc!
The orc hits you with a +0 short sword.
You see here a +0 hand axe.
You hit the orc.
The orc is lightly wounded.
The orc hits you but does no damage.
You hit the orc.
You kill the orc!
You hit the ogre.
The ogre is lightly wounded.
The ogre hits you with a +0 giant club!
Ouch! That really hurt!
* * * LOW HITPOINT WARNING * * *
You whack the ogre!
The ogre is heavily wounded.
The ogre closely misses you.
You hit the ogre. Lightning courses through the ogre!
The ogre is almost dead.
You hit the ogre but do no damage.
The ogre is almost dead.
The ogre hits you with a +0 giant club.
* * * LOW HITPOINT WARNING * * *
You whack the ogre!
You kill the ogre!
Your Maces & Flails skill increases to level 4!
You have reached level 6!
Your experience leads to an increase in your attributes!
Increase (S)trength, (I)ntelligence, or (D)exterity?
You feel stronger.
You closely miss the orc. The orc hits you with a +0 hand axe.
You die...

#.##.##.#.......# ###.#
#.##.##.#.......# #.#
#.......#.......# #.#
####.####..†....# #.#
#......#.......# #.#
#.#.##.#.......#######.#
#...##.####.#####...##.# #..###.#
#.#####.#....# #..###.#
#...@o)...#### ###......#
########.############ .....#####
#..............#..... ####.###
##...)....#####.#.####
####...#####..#...##.#...#<#.####
..##.#.............#.#..........#
#.##.######.####'#.#.#...#.#.##..
#)##.### #.#≈≈≈≈#.#.##.##.#.##..
.......# #.#≈_>≈#.#.............


You could see an orc.

Vanquished Creatures
  A sky beast (D:3)
  An ogre (D:3)
  4 adders
  4 worms
  A dart slug (D:1)
  4 orcs (D:3)
  A ball python (D:3)
  4 endoplasms
  A giant cockroach (D:2)
  7 goblins
  7 hobgoblins
  6 kobolds
  6 bats
  2 frilled lizards (D:1)
  4 rats
53 creatures vanquished.

Notes
Turn   | Place    | Note
-------+----------+-------------------------------------------
     0 | D:1      | Dittersdorf the Gargoyle Fighter began the quest for the
                  | Orb.
     0 | D:1      | Reached XP level 1. HP: 14/14 MP: 1/1
    55 | D:1      | Found a faded altar of an unknown god.
   187 | D:1      | Reached XP level 2. HP: 19/19 MP: 2/2
   228 | D:1      | You fall into a shaft and drop 1 floor!
   229 | D:2      | yay!
   319 | D:1      | Found Piwucoulon's Book Emporium.
  1003 | D:2      | Reached XP level 3. HP: 22/23 MP: 3/3
  1652 | D:3      | Reached XP level 4. HP: 29/29 MP: 4/4
  1694 | D:3      | Noticed a sky beast
  1723 | D:3      | Killed a sky beast
  1724 | D:3      | Reached XP level 5. HP: 32/33 MP: 5/5
  1980 | D:3      | Found an ancient bone altar of Kikubaaqudgha.
  2354 | D:4      | Noticed an ogre
  2376 | D:3      | Killed an ogre
  2377 | D:3      | Reached XP level 6. HP: 3/40 MP: 6/6
  2377 | D:3      | Slain by an orc

Illustrated notes

.J.....<..
#.$......#
#........#
#........#
+........#
#.###.......#
............#
.....J.@.#
###............
#.#.#####.... #
#. ### #


Turn 229 on D:2: yay!

Levels and vault maps discovered:
D:1:      saegor_arrival_miasma, layout_loops_ring, serial_shops,
          nicolae_shop_waterfront, basic_ecumenical_altar
D:2:      layout_basic
D:3:      layout_loops_cross, general_overflow_altar
D:4:      layout_basic, lemuel_round_altar, mainiacjoe_overflow_catch_the_wave,
          minmay_temple_entry_arrows, uniq_grinder

Skill      XL: |  1  2  3  4  5 |
---------------+----------------+-----
Fighting       | 4 |  4.8
Maces & Flails | 3 4 |  4.0
Armour         | 4 |  4.8
Shields        | 4 |  4.0

Action                   |  1- 3 |  4- 6 || total
-------------------------+-------+-------++-------
Melee: Flail             |    60 |       ||    60
       Whip              |    49 |    83 ||   132
Armor: Scale mail        |    92 |    37 ||   129
Dodge: Dodged            |    68 |    23 ||    91
Block: Buckler           |    22 |    12 ||    34

Table legend: (Time is in decaauts)
 A = Elapsed time spent in this place.
 B = Non-inter-level travel time spent in this place.
 C = Inter-level travel time spent in this place.
 D = Time resting spent in this place.
 E = Time spent auto-exploring this place.
 F = Levels seen in this place.
 G = Mean time per level.
                   A        B        C        D        E       F      G
               +--------+--------+--------+--------+--------+-----+--------+
         Total |   2392 |   2307 |     85 |    190 |   1679 |   4 |  598.0 |
       Dungeon |   2392 |   2307 |     85 |    190 |   1679 |   4 |  598.0 |
               +--------+--------+--------+--------+--------+-----+--------+

Top non-repeatable levels by time:
     D:1: 934 daAuts
     D:2: 740 daAuts
     D:3: 711 daAuts
     D:4: 6 daAuts
